 Dungeon Crawl Stone Soup version 0.28.0-1-gb440e238dd (webtiles) character file.

Game seed: 2179827467024940995

34274 Ablot the Thaumaturge (level 13, -7/103 HPs)
             Began as a Gnoll Warper on Feb 26, 2022.
             Was a High Priest of Okawaru.
             Mangled by a sun demon (17 damage)
             ... in a volcano.
             The game lasted 01:03:05 (23199 turns).

Ablot the Thaumaturge (Gnoll Warper)               Turns: 23199, Time: 01:03:07

Health: -7/103     AC: 21    Str: 16 (18) XL:     13   Next: 76%
Magic:  22/24      EV: 16    Int: 10 (12) God:    Okawaru [*****.]
Gold:   851        SH:  8    Dex: 10 (12) Spells: 27/32 levels left

rFire   . . .      SeeInvis .   V - +4 scimitar (vorpal)
rCold   . . .      Faith    +   a - +1 buckler
rNeg    . . .      Spirit   .   T - +2 acid dragon scales
rPois   .          Reflect  .   (no helmet)
rElec   .          Harm     .   U - scarf {repulsion}
rCorr   +          Rampage  .   x - +1 Delatra's gloves {ID++}
Will    +....      Rnd*Tele +   Y - +1 pair of boots
Stlth   +++++.....              M - amulet of faith
HPRegen 0.27/turn               g - +4 ring of protection
MPRegen 0.19/turn               I - ring of willpower

@: heroic, spiked, repel missiles, unable to read
A: fangs 1, strong nose, distributed training, low MP 1, sense surroundings 1,
strong 1, teleportitis 1, wild magic 1, inability to read while threatened
a: Renounce Religion, Heroism, Finesse, Duel


You were in a volcano.
You worshipped Okawaru.
Okawaru was extremely pleased with you.
You visited 3 branches of the dungeon, and saw 17 of its levels.
You also visited: Sewer and Volcano.

You collected 851 gold pieces.

Inventory:

Hand Weapons
 d - the +1 short sword of the Eternal Void {elec, rElec rCorr SInv Stlth-}
   (You found it on level 7 of the Dungeon)

   It occasionally discharges a powerful burst of electricity upon striking a
   foe.
   rElec:     It insulates you from electricity.
   SInv:      It lets you see invisible.
   rCorr:     It protects you from acid and corrosion.
   Stlth:     It makes you less stealthy.
 s - the +9 hunting sling "Joan Tinn" {vorpal, rF+ Int-2 Stlth+}
   (You found it on level 4 of the Dungeon)

   Any ammunition fired from it inflicts extra damage upon your enemies.
   Int:       It affects your intelligence (-2).
   rF:        It protects you from fire.
   Stlth:     It makes you more stealthy.
 V - a +4 vorpal scimitar (weapon)
Missiles
 e - 372 stones
 h - 505 arrows
 m - 7 boomerangs of dispersal
 r - 4 silver javelins
 w - 17 poisoned darts (quivered)
 z - 5 datura-tipped darts
 H - 5 atropa-tipped darts
 N - 114 bolts
 R - a curare-tipped dart
 S - a throwing net
 W - 114 sling bullets
Armour
 a - a +1 buckler (worn)
 x - the +1 Delatra's gloves (worn) {ID++}
   (You found it on level 2 of the Dungeon)

   It heals its wearer when they drink unknown potions.
   It restores its wearer's MP when they read unknown scrolls.
 T - +2 acid dragon scales (worn)
 U - a scarf of repulsion (worn)
 Y - a +1 pair of boots (worn)
Magical Staves
 Q - a staff of poison
Jewellery
 g - a +4 ring of protection (left hand)
 I - a ring of willpower (right hand)
 M - an amulet of faith (around neck)
Wands
 b - a wand of digging (5)
 t - a wand of mindburst (3)
 y - a wand of flame (36)
 O - a wand of acid (6)
 Z - a wand of iceblast (5)
Scrolls
 f - a scroll of silence {unknown}
 i - 2 scrolls of noise {unknown}
 k - 10 scrolls of identify
 o - 7 scrolls of enchant weapon
 u - 3 scrolls of vulnerability {unknown}
 D - 8 scrolls of teleportation
 E - 6 scrolls of fog {unknown}
 J - a scroll of brand weapon
 K - 2 scrolls of fear {unknown}
 P - 9 scrolls of blinking
Potions
 l - 9 potions of lignification
 n - 3 potions of flight
 p - a potion of heal wounds
 q - 12 potions of curing
 C - 2 potions of haste
 F - a potion of invisibility
 L - 2 potions of brilliance
Miscellaneous
 j - a condenser vane


   Skills:
 + Level 9.8(14.8) Fighting
 + Level 8.6(13.6) Short Blades
 + Level 8.6(13.6) Long Blades
 + Level 8.6(13.6) Axes
 + Level 8.6(13.6) Maces & Flails
 + Level 9.8(14.8) Polearms
 + Level 8.6(13.6) Staves
 + Level 8.6(13.6) Slings
 + Level 8.6(13.6) Bows
 + Level 8.6(13.6) Crossbows
 + Level 9.0(14.0) Throwing
 + Level 9.0(14.0) Armour
 + Level 9.8(14.8) Dodging
 + Level 8.6(13.6) Stealth
 + Level 8.6(13.6) Shields
 + Level 8.6(13.6) Unarmed Combat
 + Level 10.0 Spellcasting
 + Level 7.1 Conjurations
 + Level 7.1 Hexes
 + Level 7.1 Summonings
 + Level 7.1 Necromancy
 + Level 9.1 Translocations
 + Level 7.1 Transmutations
 + Level 7.1 Fire Magic
 + Level 7.1 Ice Magic
 + Level 7.1 Air Magic
 + Level 7.1 Earth Magic
 + Level 7.1 Poison Magic
 + Level 9.4 Invocations
 + Level 8.6 Evocations


You had 27 spell levels left.
You knew the following spells:

 Your Spells              Type           Power      Damage    Failure   Level
a - Blink                 Tloc           60%        N/A       1%          2
b - Gell's Gravitas       Tloc           30%        N/A       2%          3

Your spell library contained the following spells:

 Spells                   Type           Power      Damage    Failure   Level
 Foxfire                  Conj/Fire      100%       2x1d9     2%          1
 Lesser Beckoning         Tloc           30%        N/A       2%          3
 Teleport Other           Tloc           30%        N/A       2%          3
 Portal Projectile        Hex/Tloc       54%        N/A       4%          3
 Conjure Flame            Conj/Fire      25%        6-21      5%          3
 Inner Flame              Hex/Fire       25%        N/A       5%          3
 Flame Wave               Conj/Fire      25%        2d7       16%         4
 Manifold Assault         Tloc           30%        N/A       19%         5
 Blade Hands              Tmut           12%        N/A       36%         5
 Excruciating Wounds      Necr           12%        N/A       36%         5


Dungeon Overview and Level Annotations

Branches:
Dungeon (13/15)            Temple (1/1) D:7            Lair (3/6) D:8
 Spider (0/4) Lair:2          Orc (0/2) D:10          Sewer (visited)
Volcano (1/1)
  Swamp: Lair:2-4    Shoals: Lair:2-4    Vaults: D:13-14

Altars:
Ashenzari
Cheibriados
Dithmenos
Elyvilon
Fedhas
Gozag
Hepliaklqana
Kikubaaqudgha
Makhleb
Nemelex Xobeh
Okawaru
Qazlal
Ru
Sif Muna
Trog
Uskayaw
Vehumet
Wu Jian
Xom
Yredelemnul
Zin
The Shining One


Innate Abilities, Weirdness & Mutations

You have very sharp teeth.
Your uncanny sense of smell can sniff out nearby items.
Your experience applies equally to all skills.
Your magical capacity is low. (-10% MP)
You passively map a small area around you.
Your muscles are strong. (Str +2)
You are occasionally teleported next to monsters.
Your spells are a little harder to cast, but a little more powerful.
You sometimes lose the ability to read scrolls when taking damage.


Message History

The red devil hits you from afar with a +0 trident of flaming!
* * * LOW HITPOINT WARNING * * *
Barbed spikes become lodged in your body.
The red devil burns you.
* * * LOW HITPOINT WARNING * * *
The sun demon hits you but does no damage.
You gain the combat prowess of a mighty hero.
The sun demon hits you.
* * * LOW HITPOINT WARNING * * *
You are engulfed in flames!
* * * LOW HITPOINT WARNING * * *
You block the red devil's attack.
The sun demon hits you but does no damage.
You feel much better. The hell hound breathes flames at you.
The blast of flame hits the red devil.
The red devil completely resists.
The blast of flame hits the sun demon.
The sun demon completely resists.
The blast of flame hits you but does no damage.
The red devil hits you but does no damage.
The sun demon hits you!
* * * LOW HITPOINT WARNING * * *
You are engulfed in flames!
* * * LOW HITPOINT WARNING * * *
The barbs in your skin will harm you if you move.
Continue? [Y]es or [N]o only, please.
The barbs in your skin will harm you if you move.
Continue?
Okay, then.
You slash the sun demon!
The sun demon is heavily wounded.
The red devil hits you but does no damage.
You block the sun demon's attack.
Unknown command.
Unknown command.
You slice the sun demon!!
You bite the sun demon, but do no damage.
The sun demon is almost dead.
You block the red devil's attack. The sun demon hits you.
* * * LOW HITPOINT WARNING * * *
You are engulfed in flames!
You die...

≈§§≈≈≈≈.#################.§≈≈≈≈§§
≈≈≈≈≈≈..# ,, +.....+ #..≈≈≈≈≈§
≈≈≈≈≈§§.# ∩,, .8_8. ∩ #.≈§≈≈≈≈≈
§≈§≈§≈§.# , ... , ,#..≈≈≈≈≈≈
§≈≈≈§§..###++###h###++###.≈§≈≈§≈≈
≈§≈≈§§§.#......#h#......#.§§§≈§≈§
§≈§§≈§§.# * #4#.######.≈§§≈§≈≈
§§§§§§≈.#,∆∆∆ #3# ∆∆∆,#..≈≈§§§§
§§§§≈§..# ∆∆∆ #@#, ∆∆∆ #.§≈§§≈≈≈
§§≈≈≈≈≈.# ∆∆ #.# *∆∆ #..≈§≈§≈≈
≈≈≈≈§≈..# ,, ,#.# , #..≈≈≈§≈≈
≈≈≈≈§≈§.########+########.≈§§≈≈≈≈
≈≈§§§§......§..§§.........≈§≈≈§≈≈
§§§§§§≈≈≈.≈.≈§.§§≈≈.≈§§≈.≈≈§§§≈≈≈
≈§≈§≈≈≈≈≈≈≈≈≈≈§≈§§§≈§≈≈≈.≈≈§≈≈§§≈
≈§§≈§≈§≈≈≈≈≈≈§§≈≈§≈≈§≈≈§≈≈≈≈≈≈≈≈≈
≈§§≈≈≈≈≈≈≈≈≈≈≈≈≈≈≈≈§≈≈§§≈≈≈≈§≈≈≈§


You could see a sun demon, a red devil and 2 hell hounds.

Vanquished Creatures
  Gastronok (Lair:2)
  Harold (D:8)
  6 hydras
  A boulder beetle (D:12)
  A catoblepas (D:13)
  A centaur warrior (D:13)
  2 two-headed ogres (D:12)
  Urug (D:12)
  A deep elf pyromancer (D:13)
  A shining eye (shapeshifter) (D:12)
  An ugly thing (D:12)
  6 cyclopes
  Maurice (D:11)
  A cane toad (Lair:1)
  A rime drake (Lair:3)
  An unseen horror (D:11)
  2 komodo dragons
  Psyche (D:8)
  3 trolls
  A polar bear (Lair:3)
  3 slime creatures (D:13)
  5 blink frogs (Lair:1)
  2 jumping spiders (Lair:2)
  Sigmund (D:5)
  2 shadows
  A vampire (D:12)
  5 wyverns
  A wraith (D:10)
  5 fire bats
  3 basilisks
  34 yaks
  2 steam dragons
  2 redbacks (Lair:2)
  2 wargs (D:8)
  4 vampire mosquitoes (D:10)
  6 water moccasins
  An acid dragon (D:11)
  9 orc warriors
  An ice beast (D:7)
  A black bear (D:4)
  A necrophage (D:5)
  15 wolves
  2 ogres
  7 centaurs
  3 kobold brigands
  6 bullfrogs
  3 scorpions
  A wyvern zombie (D:8)
  2 gnoll sergeants
  6 killer bees
  16 wights
  8 howler monkeys
  7 lava snakes (Volcano)
  5 centaur zombies
  5 hounds
  3 jellies
  12 orc priests
  A bullfrog skeleton (D:5)
  Natasha (thrice) (D:2)
  An iguana (D:8)
  22 orc wizards
  A hound skeleton (D:4)
  2 howler monkey zombies
  8 gnolls
  13 adders
  10 river rats (Sewer)
  A white imp (D:6)
  3 worms (D:2)
  3 dart slugs
  51 orcs
  8 endoplasms
  A giant cockroach (D:2)
  11 goblins
  10 hobgoblins
  3 jackals
  5 quokkas
  20 ball pythons
  4 bats
  10 frilled lizards
  20 kobolds
  30 rats
467 creatures vanquished.

Vanquished Creatures (others)
  An orc warrior (D:10)
  2 fungi (Lair:2)
  8 plants
11 creatures vanquished.

Grand Total: 478 creatures vanquished

Notes
Turn   | Place    | Note
-------+----------+-------------------------------------------
     0 | D:1      | Ablot the Gnoll Warper began the quest for the Orb.
     0 | D:1      | Reached XP level 1. HP: 20/20 MP: 6/6
   516 | D:1      | Reached XP level 2. HP: 24/26 MP: 7/7
   519 | D:1      | Learned a level 2 spell: Blink
   752 | D:1      | Found a faded altar of an unknown god.
   858 | D:1      | Reached XP level 3. HP: 30/31 MP: 9/9
   930 | D:1      | Reached skill level 5 in Spellcasting
  1308 | D:1      | Reached skill level 1 in Invocations
  1679 | D:2      | Reached skill level 1 in Short Blades
  1679 | D:2      | Reached skill level 1 in Long Blades
  1679 | D:2      | Reached skill level 1 in Axes
  1679 | D:2      | Reached skill level 1 in Maces & Flails
  1679 | D:2      | Reached skill level 1 in Staves
  1679 | D:2      | Reached skill level 1 in Slings
  1679 | D:2      | Reached skill level 1 in Bows
  1679 | D:2      | Reached skill level 1 in Crossbows
  1679 | D:2      | Reached skill level 1 in Stealth
  1679 | D:2      | Reached skill level 1 in Shields
  1679 | D:2      | Reached skill level 1 in Unarmed Combat
  1679 | D:2      | Reached skill level 1 in Evocations
  1704 | D:2      | Reached XP level 4. HP: 25/38 MP: 11/11
  2277 | D:2      | Noticed Natasha
  2287 | D:2      | Killed Natasha
  2288 | D:2      | Reached skill level 1 in Conjurations
  2288 | D:2      | Reached skill level 1 in Hexes
  2288 | D:2      | Reached skill level 1 in Summonings
  2288 | D:2      | Reached skill level 1 in Necromancy
  2288 | D:2      | Reached skill level 1 in Transmutations
  2288 | D:2      | Reached skill level 1 in Fire Magic
  2288 | D:2      | Reached skill level 1 in Ice Magic
  2288 | D:2      | Reached skill level 1 in Air Magic
  2288 | D:2      | Reached skill level 1 in Earth Magic
  2288 | D:2      | Reached skill level 1 in Poison Magic
  2421 | D:2      | Noticed Natasha
  2431 | D:2      | Killed Natasha
  2432 | D:2      | Reached XP level 5. HP: 42/43 MP: 12/12
  2784 | D:2      | Found the +1 Delatra's gloves {ID++}
  2898 | D:2      | Noticed Natasha
  2908 | D:2      | Killed Natasha
  3331 | D:3      | Noticed an ogre
  3357 | D:3      | Killed an ogre
  3358 | D:3      | Reached XP level 6. HP: 50/50 MP: 14/14
  3701 | D:3      | Reached skill level 5 in Fighting
  3701 | D:3      | Reached skill level 5 in Polearms
  3701 | D:3      | Reached skill level 5 in Dodging
  3761 | D:3      | Found a shimmering blue altar of Sif Muna.
  4063 | D:4      | Found a shadowy altar of Dithmenos.
  4063 | D:4      | Found a hazy altar of Hepliaklqana.
  4181 | D:4      | Noticed a shadow
  4225 | D:4      | Found a glowing drain.
  4234 | Sewer    | Entered a sewer
  4377 | Sewer    | Reached XP level 7. HP: 49/56 MP: 15/15
  5400 | D:4      | Reached XP level 8. HP: 44/63 MP: 16/16
  5749 | D:4      | Identified the +9 hunting sling "Joan Tinn" {vorpal, rF+
                  | Int-2 Stlth+}
  5801 | D:5      | Entered Level 5 of the Dungeon
  6143 | D:5      | Noticed Sigmund
  6153 | D:5      | Killed Sigmund
  6154 | D:5      | Reached skill level 6 in Spellcasting
  6890 | D:6      | Reached XP level 9. HP: 45/69 MP: 18/18
  7508 | D:6      | Reached skill level 5 in Throwing
  7508 | D:6      | Reached skill level 5 in Armour
  8606 | D:7      | Found a staircase to the Ecumenical Temple.
  8615 | D:7      | Identified the +1 short sword of the Eternal Void {elec,
                  | rElec rCorr SInv Stlth-}
  8635 | Temple   | Entered the Ecumenical Temple
  8642 | Temple   | Became a worshipper of Warmaster Okawaru
  9127 | D:7      | Reached * piety under Okawaru
  9168 | D:7      | Reached skill level 5 in Invocations
  9636 | D:8      | Noticed a komodo dragon
  9655 | D:8      | Killed a komodo dragon
  9656 | D:8      | Reached skill level 7 in Spellcasting
  9656 | D:8      | Reached XP level 10. HP: 53/77 MP: 20/20
  9827 | D:8      | Found a staircase to the Lair.
  9908 | D:8      | Reached skill level 5 in Short Blades
  9908 | D:8      | Reached skill level 5 in Long Blades
  9908 | D:8      | Reached skill level 5 in Axes
  9908 | D:8      | Reached skill level 5 in Maces & Flails
  9908 | D:8      | Reached skill level 5 in Staves
  9908 | D:8      | Reached skill level 5 in Slings
  9908 | D:8      | Reached skill level 5 in Bows
  9908 | D:8      | Reached skill level 5 in Crossbows
  9908 | D:8      | Reached skill level 5 in Stealth
  9908 | D:8      | Reached skill level 5 in Shields
  9908 | D:8      | Reached skill level 5 in Unarmed Combat
  9908 | D:8      | Reached skill level 5 in Evocations
 10142 | D:8      | Reached ** piety under Okawaru
 10657 | D:9      | Noticed a cyclops
 10836 | D:10     | Entered Level 10 of the Dungeon
 10939 | D:10     | Reached *** piety under Okawaru
 11424 | D:8      | Received a gift from Okawaru
 11436 | D:8      | Reached XP level 11. HP: 52/84 MP: 22/22
 11803 | D:9      | Noticed Psyche
 11940 | D:8      | Killed Psyche
 11940 | D:8      | Reached **** piety under Okawaru
 12213 | D:9      | Killed a cyclops
 12214 | D:9      | Reached skill level 5 in Conjurations
 12214 | D:9      | Reached skill level 5 in Hexes
 12214 | D:9      | Reached skill level 5 in Summonings
 12214 | D:9      | Reached skill level 5 in Necromancy
 12214 | D:9      | Reached skill level 5 in Transmutations
 12214 | D:9      | Reached skill level 5 in Fire Magic
 12214 | D:9      | Reached skill level 5 in Ice Magic
 12214 | D:9      | Reached skill level 5 in Air Magic
 12214 | D:9      | Reached skill level 5 in Earth Magic
 12214 | D:9      | Reached skill level 5 in Poison Magic
 12393 | D:9      | Noticed Harold
 12773 | D:8      | Reached skill level 8 in Spellcasting
 12852 | D:8      | Killed Harold
 13209 | D:8      | Received a gift from Okawaru
 13883 | D:10     | Found a staircase to the Orcish Mines.
 14521 | D:10     | Noticed a cyclops
 14540 | D:10     | Killed a cyclops
 14540 | D:10     | Received a gift from Okawaru
 14540 | D:10     | Reached ***** piety under Okawaru
 14547 | D:10     | Found a shimmering altar of Xom.
 14547 | D:10     | Noticed a cyclops
 14614 | D:10     | Killed a cyclops
 15378 | D:10     | Found a basalt altar of Yredelemnul.
 15378 | D:10     | Found a faded altar of an unknown god.
 15384 | D:10     | Found a sacrificial altar of Ru.
 15393 | D:10     | Received a gift from Okawaru
 15410 | D:10     | Found a faded altar of an unknown god.
 15412 | D:10     | Found an ornate altar of the Wu Jian Council.
 15826 | D:11     | Received a gift from Okawaru
 15853 | D:11     | Received a gift from Okawaru
 15854 | D:11     | Reached XP level 12. HP: 60/94 MP: 20/24
 15891 | D:11     | Gained mutation: You passively map a small area around you.
                  | [potion of mutation]
 15891 | D:11     | Gained mutation: Your spells are a little harder to cast,
                  | but a little more powerful. [potion of mutation]
 15891 | D:11     | Gained mutation: You have hidden genetic defects. [potion
                  | of mutation]
 16168 | D:11     | Found an iron altar of Okawaru.
 16213 | D:11     | Received a gift from Okawaru
 16367 | D:11     | Noticed a seven-headed hydra
 16391 | D:11     | Noticed Maurice
 16408 | D:11     | Killed Maurice
 16752 | D:12     | Noticed a seven-headed hydra
 16799 | D:12     | Received a gift from Okawaru
 16892 | D:12     | Noticed Urug
 17038 | D:11     | Killed a one-headed hydra
 17038 | D:11     | Received a gift from Okawaru
 17050 | D:11     | Gained mutation: You sometimes lose the ability to read
                  | scrolls when taking damage. [hidden defects]
 17292 | D:12     | Noticed a two-headed ogre
 17304 | D:12     | Killed a two-headed ogre
 17310 | D:12     | Noticed a five-headed hydra
 17320 | D:12     | Killed a two-headed hydra
 17321 | D:12     | Reached skill level 9 in Spellcasting
 17347 | D:12     | Gained mutation: Your muscles are strong. (Str +2) [a
                  | shining eye]
 17351 | D:12     | Gained mutation: Your magical capacity is low. (-10% MP) [a
                  | shining eye]
 17352 | D:12     | Received a gift from Okawaru
 17391 | D:12     | Learned a level 3 spell: Gell's Gravitas
 17418 | D:12     | Killed Urug
 17477 | D:12     | Gained mutation: You are occasionally teleported next to
                  | monsters. [hidden defects]
 17477 | D:12     | Lost mutation: You have hidden genetic defects. [hidden
                  | defects expressed]
 17697 | D:12     | Identified the +2 morningstar of Irhaf {vorpal, Contam
                  | Will+ rCorr}
 17738 | D:12     | Killed a one-headed hydra
 17738 | D:12     | Identified the +0 pair of gloves of the Desolation of Salt
                  | {rPois} (Okawaru gifted it to you on level 12 of the
                  | Dungeon)
 17738 | D:12     | Received a gift from Okawaru
 18383 | D:12     | Noticed a boulder beetle
 18388 | D:12     | Noticed a two-headed ogre
 18403 | D:12     | Killed a boulder beetle
 18417 | D:12     | Killed a two-headed ogre
 18624 | D:13     | Noticed a catoblepas
 18802 | D:13     | Killed a catoblepas
 18803 | D:13     | Reached XP level 13. HP: 50/101 MP: 23/23
 19987 | Lair:1   | Entered Level 1 of the Lair of Beasts
 20068 | Lair:1   | Received a gift from Okawaru
 20202 | Lair:1   | Received a gift from Okawaru
 20980 | Lair:2   | Found a hole to the Spider Nest.
 21813 | Lair:2   | Noticed Gastronok
 21832 | Lair:2   | Killed Gastronok
 21832 | Lair:2   | Received a gift from Okawaru
 22140 | Lair:3   | Identified the +8 chain mail of Jegg {rElec rPois} (Okawaru
                  | gifted it to you on level 3 of the Lair of Beasts)
 22140 | Lair:3   | Received a gift from Okawaru
 22246 | Lair:3   | Reached skill level 10 in Spellcasting
 22277 | Lair:3   | Found a dark tunnel.
 22294 | Volcano  | Entered a volcano
 23178 | Volcano  | Found a bloodstained altar of Trog.
 23199 | Volcano  | Mangled by a sun demon

Illustrated notes

Levels and vault maps discovered:
D:1:      dpeg_arrival_arbitrary_a, layout_basic, ebering_ecumenical_altar_mist,
          st_stairs_13, minmay_quantized
D:2:      layout_basic, pf_guarded_unrand_delatra, uniq_natasha
D:3:      layout_basic, nicolae_sif_muna_condensation
D:4:      layout_rooms, riverfiend_overflow_shadow_ancestor,
          portal_sewer_entry_d
D:5:      layout_basic, uniq_sigmund
D:6:      layout_basic
D:7:      layout_cave_pools, minmay_temple_entry_grid, serial_bayou_pond_e,
          kennysheep_generic_room_13
D:8:      layout_loops_corners, erik_lair_orcish_takeover,
          hangedman_abyss_or_decor_lesser_grid, minmay_lizard_king
D:9:      layout_cave_pools, minmay_misc_feat_more_columns, uniq_harold,
          uniq_psyche
D:10:     layout_cave_pods, xom_confusion_cloud,
          chequers_temple_overflow_minitemple, orc_0_dummy, grunt_ministairs_14
D:11:     layout_roguey, kennysheep_okawaru_gauntlet, uniq_maurice
D:12:     layout_loops_cross, uniq_urug
D:13:     layout_layer_cave, serial_shops, shop
Temple:   nicolae_temple_no_exploring_needed
Lair:1:   layout_misc_corridors
Lair:2:   layout_cave_pods, minmay_swamp_entry_worms, spider_nest_entry_a,
          wad_woods_road_02, chequers_serial_rivers_micro_b, uniq_gastronok,
          uniq_nergalle
Lair:3:   layout_loops_ring, nicolae_volcano_entry_batcave, uniq_snorg
Volcano:  volcano_lake [vl_original]

Skill      XL: |  1  2  3  4  5  6  7  8  9 10 11 12 13 |
---------------+----------------------------------------+-----
Spellcasting   | 5 6 7 8 9 10 | 10.0
Invocations    | 1 2 3 4 5 6 7 8 9 |  9.4
Short Blades   | 1 2 3 4 5 6 7 8 |  8.6
Long Blades    | 1 2 3 4 5 6 7 8 |  8.6
Axes           | 1 2 3 4 5 6 7 8 |  8.6
Maces & Flails | 1 2 3 4 5 6 7 8 |  8.6
Staves         | 1 2 3 4 5 6 7 8 |  8.6
Slings         | 1 2 3 4 5 6 7 8 |  8.6
Bows           | 1 2 3 4 5 6 7 8 |  8.6
Crossbows      | 1 2 3 4 5 6 7 8 |  8.6
Stealth        | 1 2 3 4 5 6 7 8 |  8.6
Shields        | 1 2 3 4 5 6 7 8 |  8.6
Unarmed Combat | 1 2 3 4 5 6 7 8 |  8.6
Evocations     | 1 2 3 4 5 6 7 8 |  8.6
Conjurations   | 1 2 3 4 5 6 7 |  7.1
Hexes          | 1 2 3 4 5 6 7 |  7.1
Summonings     | 1 2 3 4 5 6 7 |  7.1
Necromancy     | 1 2 3 4 5 6 7 |  7.1
Transmutations | 1 2 3 4 5 6 7 |  7.1
Fire Magic     | 1 2 3 4 5 6 7 |  7.1
Ice Magic      | 1 2 3 4 5 6 7 |  7.1
Air Magic      | 1 2 3 4 5 6 7 |  7.1
Earth Magic    | 1 2 3 4 5 6 7 |  7.1
Poison Magic   | 1 2 3 4 5 6 7 |  7.1
Throwing       | 3 4 5 6 7 8 9 |  9.0
Armour         | 3 4 5 6 7 8 9 |  9.0
Fighting       | 5 6 7 8 9 |  9.8
Polearms       | 5 6 7 8 9 |  9.8
Dodging        | 5 6 7 8 9 |  9.8
Translocations | 6 7 8 9 |  9.1

Action                   |  1- 3 |  4- 6 |  7- 9 | 10-12 | 13-15 || total
-------------------------+-------+-------+-------+-------+-------++-------
Melee: Spear             |   114 |       |       |       |       ||   114
       Bite              |    10 |    24 |    54 |    93 |    57 ||   238
       Dagger            |    23 |   220 |   384 |       |       ||   627
       Punch             |     1 |     6 |    24 |     9 |       ||    40
       Short sword       |       |       |   112 |    37 |       ||   149
       War axe           |       |       |    11 |    24 |    40 ||    75
       Scimitar          |       |       |     7 |   660 |   334 ||  1001
       Flail             |       |       |       |    10 |       ||    10
       Staff             |       |       |       |     7 |       ||     7
 Fire: Hunting sling     |       |       |    38 |    55 |       ||    93
Throw: Dart              |       |     5 |     3 |     9 |     2 ||    19
 Cast: Gell's Gravitas   |       |       |       |       |     1 ||     1
Invok: Heroism           |       |       |       |     8 |     7 ||    15
       Finesse           |       |       |       |     2 |     3 ||     5
  Use: Scroll            |       |       |     1 |    10 |     2 ||    13
       Potion            |       |       |       |     8 |     6 ||    14
 Stab: Sleeping          |     1 |     1 |     4 |     6 |     5 ||    17
       Distracted        |       |     1 |     1 |     4 |       ||     6
       Invisible         |       |       |       |     2 |     3 ||     5
Armor: Leather armour    |    24 |    85 |   116 |       |       ||   225
       Robe              |       |       |   108 |       |       ||   108
       Steam dragon scal |       |       |     1 |    80 |       ||    81
       Ring mail         |       |       |       |   237 |       ||   237
       Acid dragon scale |       |       |       |    55 |   205 ||   260
Dodge: Dodged            |    48 |   122 |   422 |   508 |   288 ||  1388
       Repelled          |       |       |     1 |     3 |     9 ||    13
Block: Buckler           |       |       |       |   123 |   148 ||   271
